 Dungeon Crawl Stone Soup version 0.18-a0-731-ga019a5f (webtiles) character file.

177 4thArraOfDagon the Firebug (level 5, -2/28 HPs)
             Began as a Deep Elf Fire Elementalist on Dec 9, 2015.
             Was an Initiate of Vehumet.
             Slain by a gnoll
             ... wielding a +0 club
              (7 damage)
             ... on level 4 of the Dungeon.
             The game lasted 00:07:30 (1039 turns).

4thArraOfDagon the Firebug (DEFE)                   Turns: 1039, Time: 00:07:31

Health: -2/28      AC:  2    Str:  5    XL:     5   Next: 30%
Magic:  8/13       EV: 13    Int: 21    God:    Vehumet [......]
Gold:   107        SH:  0    Dex: 15    Spells: 3 memorised, 4 levels left

rFire  . . .     SeeInvis .     m - staff of conjuration {!a}
rCold  . . .     Clarity  .     a - +0 robe
rNeg   . . .     SustAt   .     (no shield)
rPois  .         Gourm    .     (no helmet)
rElec  .         Spirit   .     (no cloak)
rCorr  .         Dismiss  .     (no gloves)
rMut   .         Stasis   .     (no boots)
MR     .....                    o - amulet of regeneration
Stlth  ++........               (no ring)
                                (no ring)

@: not resistant to hostile enchantments, unstealthy
A: no striking features
a: Renounce Religion


You were on level 4 of the Dungeon.
You worshipped Vehumet.
Vehumet was noncommittal.
You were not hungry.

You visited 2 branches of the dungeon, and saw 5 of its levels.

You collected 107 gold pieces.

Inventory:

Hand Weapons
 i - a +0 trident
Armour
 a - a +0 robe (worn)
Magical Staves
 m - an uncursed staff of conjuration (weapon) {!a}
Jewellery
 d - an uncursed amulet of resist corrosion
 o - an amulet of regeneration (around neck)
Wands
 p - a wand of frost (10)
 q - a wand of digging (14)
Scrolls
 f - a scroll of amnesia
 h - a scroll of blinking {unknown}
 r - a scroll of fear {unknown}
 u - a scroll of remove curse
Potions
 e - a potion of brilliance {unknown}
 g - a potion of lignification
 j - a potion of poison
Books
 b - a book of Flames

   Spells                             Type                      Level
   a - Flame Tongue                   Conjuration/Fire             1
   b - Throw Flame                    Conjuration/Fire             2
   c - Conjure Flame                  Conjuration/Fire             3
   d - Inner Flame                    Hexes/Fire                   3
   e - Sticky Flame                   Conjuration/Fire             4
   f - Fireball                       Conjuration/Fire             5
Comestibles
 c - 3 bread rations
 s - 2 meat rations


   Skills:
 - Level 2.4 Dodging
 - Level 2.4 Stealth
 + Level 4.3 Spellcasting
 * Level 3.5 Conjurations
 * Level 4.9 Fire Magic


You had 4 spell levels left.
You knew the following spells:

 Your Spells              Type           Power        Failure   Level  Hunger
a - Flame Tongue          Conj/Fire      ####.        1%          1    None
b - Conjure Flame         Conj/Fire      ####....     10%         3    ##.....
c - Sticky Flame          Conj/Fire      ####....     24%         4    ####...


Dungeon Overview and Level Annotations

Branches:
Dungeon (4/15)             Temple (1/1) D:4

Altars:
Ashenzari
Dithmenos
Elyvilon
Fedhas
Gozag
Kikubaaqudgha
Nemelex Xobeh
Okawaru
Pakellas
Ru
Sif Muna
Trog
Vehumet
Xom
Yredelemnul
The Shining One

Annotations:
D:3 nublet's ghost, amateur DsMo
D:4 Edmund


Message History

Unknown command.
Unknown command.
The gnoll barely misses you. The orc closely misses you.
Unknown command.
Unknown command.
Unknown command.
The orc hits you.
* * * LOW HITPOINT WARNING * * *
Unknown command.
Unknown command.
Unknown command.
Unknown command.
The gnoll barely misses you.
Unknown command.
Unknown command.
Unknown command.
Unknown command.
The orc wizard gestures wildly while chanting.
The orc wizard seems to speed up.
The gnoll hits you with a club!
You die...

....#..####..#.#
#....#'##.. ######.#
#.##.# #.#######..
#....#<##.# #.# #..
#.##.#.##.# ###.### ##..
..# #.##.# ####### #'.#
#.. #.##.# ##⌠.⌠#####.##
#'####.#.. +.>.'.)...#
......#.#### ##⌠.⌠#######
......#.og@# #######
......#.g### ###.###
......#g.# #.#
......o.o########.######
......#@###o##§.......o..
.......().oo.......######
......######.......#
...... #.......# .....
#.......#


You could see an orc wizard, 3 gnolls and an orc.

Vanquished Creatures
  An ogre (D:4)
  2 worker ants (D:4)
  A worm (D:4)
  3 giant geckos
  An orc (D:2)
  4 bats
  4 giant cockroaches
  2 hobgoblins (D:1)
  3 jackals (D:1)
  5 giant newts
  4 goblins
  3 kobolds
  A quokka skeleton (D:4)
  3 rats
37 creatures vanquished.

Notes
Turn   | Place    | Note
--------------------------------------------------------------
     0 | D:1      | 4thArraOfDagon the Deep Elf Fire Elementalist began the quest for the Orb.
     0 | D:1      | Reached XP level 1. HP: 10/10 MP: 6/6
   148 | D:3      | Noticed nublet's ghost (amateur DsMo)
   187 | D:4      | Reached XP level 2. HP: 15/15 MP: 4/8
   224 | D:4      | Reached XP level 3. HP: 19/19 MP: 3/10
   229 | D:4      | Learned a level 3 spell: Conjure Flame
   270 | D:4      | Reached skill level 4 in Fire Magic
   437 | D:4      | Found a staircase to the Ecumenical Temple.
   442 | Temple   | Entered the Ecumenical Temple
   462 | Temple   | Became a worshipper of Vehumet
   553 | D:3      | Reached XP level 4. HP: 24/24 MP: 9/11
   561 | D:3      | Learned a level 4 spell: Sticky Flame
  1013 | D:2      | You fall through a shaft for 2 floors!
  1013 | D:4      | Noticed Edmund
  1013 | D:4      | Noticed an ogre
  1014 | D:4      | uhh
  1014 | D:4      | wtf
  1030 | D:4      | SO RIP
  1034 | D:4      | Killed an ogre
  1034 | D:4      | Reached XP level 5. HP: 4/28 MP: 7/13
  1039 | D:4      | Slain by a gnoll

Vault maps used:
D:1:      enne_arrival_octagon_isle
D:2:      minmay_kobold_bridge
D:4:      temple_doors_e, grunt_ministairs_2, fedhas_altar_fruit_tree,
          uniq_edmund
Temple:   lightli_temple_of_artemis

Action                   |  1- 3 |  4- 6 || total
-------------------------+-------+-------++-------
Melee: Trident           |     2 |     4 ||     6
       Club              |     1 |       ||     1
       Staff             |       |     2 ||     2
 Cast: Flame Tongue      |    29 |    38 ||    67
       Conjure Flame     |       |     2 ||     2
       Sticky Flame      |       |     1 ||     1
Evoke: Wand              |       |     1 ||     1
  Use: Potion            |     2 |     7 ||     9
       Scroll            |     3 |     2 ||     5
 Stab: Sleeping          |     2 |     2 ||     4
  Eat: Chunk             |       |     1 ||     1
